AoeStats
← Rodrigo Seminario

Enclosed

503897566Analyzed
1v1 RM · 28d ago on Sep 2, 2026· 25m 55s· 2 players
Game mode
Random Map
Map size
Tiny (2 player)
Population
200
Speed
Normal
Resources
Standard
Victory
Conquest
Starting age
Dark Age
Ending age
Imperial Age
RankedLock teamsTeams togetherTeam positionsShared explorationLock speedFull tech treeHidden civsTurbo modeCheats
Victory
Defeat
🇺🇸 Vietnamese · United States
1077
+17
🇵🇪 Bulgarians · Peru
1089
-17
darshahlu
5:04 Loom
10:00 Feudal Age
10:33 Double-Bit Axe
14:22 Wheelbarrow
15:11 Fletching
20:14 Padded Archer Armor
25:32 Castle Age
24:18 Forging
24:39 Gold Mining
25:09 Scale Mail Armor
25:46 Pikeman
Rodrigo Seminario
0:27 Loom
4:06 Loom
10:40 Feudal Age
15:38 Wheelbarrow
18:44 Scale Barding Armor
18:50 Forging
18:47 Town Watch
22:21 Castle Age
20:59 Horse Collar
21:47 Gold Mining
Connection lost

Rejoining the realm…

Still unreachable

The connection could not be restored.

Session expired

The server has moved on; the page needs a fresh start.